Unix NetHack Version 5.0.0-0 post-release - last build May 17 2026 04:57:42 (dc50c8380fa5e20985bfe3072449f57b8d9895ef,branch:main).

Game began 2026-05-17 13:24:05, ended 2026-05-17 13:40:19.

DaveT, lawful male human Priest

                                                    -----------
                                                    |.........|
                                                    |......<..|       -----
                                                    |.........|       |...|
                                                    |.........|       |...|
                                                    |.........|       |...|
                                                    -|---------#######..^.|
                                                    ##############    |...|
                                                         ##      #####....|
                                                          #           -----
                                                          #
          - -                                             ####
          ...                                 #              #
          ./...                               ################
             ....                             #         -----|----
                ...                           #         |.....>..|
                    @@)########################         |.*......|
                                                        |........|
                                                        ----------

DaveT the Adept              St:12 Dx:13 Co:16 In:10 Wi:16 Ch:7  Lawful
Dlvl:8  $:9  HP:0(57) Pw:72(72) AC:1  Xp:6 T:3605  Hungry   Burdened

Latest messages:
 You see here a dark green potion.
 You have trouble lifting j - a dark green potion.
 You miss the gas spore.
 You kill the gas spore!
 Boom!
 You are caught in the gas spore's explosion!
 You hear crashing rock.
 Your legs feel better.
 Your movements are only slowed slightly by your load.
 You hear a strange wind.
 You fall down the stairs.
 In what direction? k
 That is a hole.
 You climb up the stairs.
 You see here 11 rocks.
 You see here 11 rocks.
 You miss the iguana.
 You hit the iguana!
 The iguana misses!
 You miss the iguana.
 The iguana bites!
 You miss the iguana.
 You kill the iguana!
 You are beginning to feel hungry.
 The giant bat bites!
 You miss the giant bat.
 The giant bat bites!
 The giant bat bites!
 The giant bat misses!
 The giant bat bites!
 You miss the giant bat.
 The giant bat misses!
 The giant bat bites!
 The giant bat bites!
 You kill the giant bat!
 You hear crashing rock.
 You are hit by a runed arrow.
 You are hit by a runed arrow!
 A runed arrow misses you.
 The Woodland-elf thrusts his runed short sword.
 The Woodland-elf hits!
 You miss the Woodland-elf.
 The Woodland-elf thrusts his runed short sword.
 The Woodland-elf misses!
 You miss the Woodland-elf.
 The Woodland-elf thrusts his runed short sword.
 The Woodland-elf hits!
 You die...
 Do you want your possessions identified? [ynq] (y) y
 Do you want to see your attributes? [ynq] (y) q

Inventory:
 Coins    ('$')
  $ - 9 gold pieces
 Weapons  (')')
  Q - 7 +0 darts
  I - 4 +0 daggers
  V - a +0 dwarvish mattock
  a - a blessed +1 mace (weapon in right hand)
  W - a +1 mace
 Armor    ('[')
  F - a +0 orcish helm (being worn)
  c - a burnt +0 small shield (being worn)
  b - a +0 robe (being worn)
  i - a blessed rusty +2 chain mail (being worn)
 Comestibles  ('%')
  e - a clove of garlic
  Z - a lembas wafer
  f - a sprig of wolfsbane
 Scrolls  ('?')
  d - a scroll of teleportation
 Potions  ('!')
  j - a potion of gain level
 Rings    ('=')
  L - a ring of shock resistance
 Wands    ('/')
  P - a wand of cold (0:6)
  g - a wand of light (0:11)
 Tools    ('(')
  X - a sack containing 11 items
  k - a frost horn (0:5)
  x - a blindfold

Contents of the sack:
  24 gold pieces
  a scroll of blank paper
  a scroll of remove curse
  a spellbook of healing
  a spellbook of healing
  a spellbook of stone to flesh
  a cursed potion of fruit juice
  a potion of healing
  4 potions of holy water
  a worthless piece of blue glass
  2 worthless pieces of violet glass

DaveT the Priest's attributes:

Background:
 You were an Adept, a level 6 human Priest.
 You were lawful, on a mission for Anu
 who was opposed by Ishtar (neutral) and Anshar (chaotic).
 You were right-handed.
 You were in the Dungeons of Doom, on level 8.
 You entered the dungeon 3605 turns ago.
 There was a new moon in effect when your adventure ended.
 You had 458 experience points, 182 more were needed to attain level 7.

Basics:
 You had 0 out of 57 hit points.
 You had all 72 energy points (spell power).
 Your armor class was 1.
 Your wallet contained 9 zorkmids, and
 you had 24 more stashed away in your pack.
 Autopickup was off.

Final Characteristics:
 Your strength was 12 (limit:18/100).
 Your dexterity was 13 (limit:18).
 Your constitution was 16 (limit:18).
 Your intelligence was 10 (limit:18).
 Your wisdom was 16 (peak:18, limit:18).
 Your charisma was 7 (peak:13, limit:18).

Final Status:
 You were hungry.
 You were burdened; movement was slightly slowed.
 You were wielding a mace.
 You were skilled in mace.

Final Attributes:
 You were piously aligned.
 You were guarded.
 Your spell casting was impaired by metallic armor, mitigated by your robe.
 You are dead.

Miscellaneous:
 You didn't encounter any bones levels.
 Total elapsed playing time was 16 minutes and 13 seconds.

Major events:
 Turn
    1: DaveT the lawful human Priest entered the dungeon
  814: attained the rank of Acolyte (level 3)
  878: performed his first genocide (class L)
 1461: entered the Gnomish Mines
 3003: attained the rank of Adept (level 6)
 3605: killed by a Woodland-elf

Spells:
 Name                 Level Category     Fail Retention
 healing                1   healing       55%  76%-100%
 stone to flesh         3   healing      100%  76%-100%

Skills:
 Fighting Skills
   bare handed combat [Unskilled]
 Weapon Skills
   club               [Unskilled]
   mace               [Skilled]
   morning star       [Unskilled]
   flail              [Unskilled]
   hammer             [Unskilled]
   quarterstaff       [Unskilled]
   polearms           [Unskilled]
   spear              [Unskilled]
   trident            [Unskilled]
   lance              [Unskilled]
   bow                [Unskilled]
   sling              [Unskilled]
   crossbow           [Unskilled]
   dart               [Unskilled]
   shuriken           [Unskilled]
   boomerang          [Unskilled]
   unicorn horn       [Unskilled]
 Spellcasting Skills
   healing spells     [Unskilled]
   divination spells  [Unskilled]
   clerical spells    [Basic]

Voluntary challenges:
 Character rerolling was not enabled.
 You genocided 4 types of monsters.
 You never polymorphed an object.
 You never changed form.
 You used no wishes.
Achievements:
 You entered a shop.
 You attained the rank of Acolyte.
 You entered the Gnomish Mines.
 You attained the rank of Adept.

 The Dungeons of Doom: levels 1 to 9
    Level 1:
       Some fountains.
    Level 2:
       A potion shop, a fountain, a sink.
    Level 3:
       A sink.
    Level 4:
       Stairs down to The Gnomish Mines.
    Level 5:
       A fountain.
    Level 6:
    Level 7:
       Some fountains, a sink.
    Level 8: <- You were here.
       Final resting place for
          you, killed by a Woodland-elf.
    Level 9:
 The Gnomish Mines:
    Level 5:


Vanquished creatures:
  a leprechaun
  a lizard
  2 imps
  a violet fungus
  2 gnome leaders
  a gnomish wizard
  a gray ooze
  a straw golem
  3 giant ants
  a dwarf
  a homunculus
  2 hill orcs
  3 rothes
  a giant bat
 an orc zombie
  6 iguanas
  2 acid blobs
  3 gas spores
  a large kobold
  2 giant rats
  2 yellow molds
  a gnome
  4 geckos
  2 jackals
  2 foxes
  a kobold
  2 goblins
  2 sewer rats
  5 grid bugs
  2 kobold zombies
 10 newts
69 creatures vanquished.

Genocided species:
 arch-liches
 master liches
 demiliches
 liches
4 species genocided.

Game over:
                       ----------
                      /          \
                     /    REST    \
                    /      IN      \
                   /     PEACE      \
                  /                  \
                  |      DaveT       |
                  |      33 Au       |
                  |   killed by a    |
                  |   Woodland-elf   |
                  |                  |
                  |                  |
                  |       2026       |
                 *|     *  *  *      | *
        _________)/\\_//(\/(/\)/\//\/|_)_______

Goodbye DaveT the Priest...

You died in The Dungeons of Doom on dungeon level 8 with 2402 points,
and 33 pieces of gold, after 3605 moves.
You were level 6 with a maximum of 57 hit points when you died.

